 Dungeon Crawl Stone Soup version 0.19-a0-1782-g81ad427 (webtiles) character file.

4 AmbiguousPuzuma the Chopper (level 1, -1/16 HPs)
             Began as a Vine Stalker Berserker on Oct 3, 2016.
             Was a Follower of Trog.
             Slain by Terence
             ... wielding a +2 short sword of venom
              (6 damage)
             ... on level 2 of the Dungeon.
             The game lasted 00:01:12 (233 turns).

AmbiguousPuzuma the Chopper (Vine Stalker Berserker) Turns: 233, Time: 00:01:12

Health: -1/16      AC:  2    Str: 24    XL:     1   Next: 60%
Magic:  0/2        EV: 12    Int:  7    God:    Trog [*.....]
Gold:   0          SH:  0    Dex: 13    Spells: 0 memorised, 0 levels left

rFire  . . .     SeeInvis .     a - +0 hand axe
rCold  . . .     Gourm    .     b - +0 animal skin
rNeg   . . .     Faith    .     (no shield)
rPois  .         Spirit   +     (no helmet)
rElec  .         Dismiss  .     (no cloak)
rCorr  .         Reflect  .     (no gloves)
MR     .....     Harm     .     (no boots)
Stlth  ..........               (no amulet)
                                (no ring)
                                (no ring)

@: berserking, very quick
A: fangs 2, magic shield, antimagic bite, no device heal 3, rot immunity
a: Berserk, Burn Spellbooks, Renounce Religion


You were on level 2 of the Dungeon.
You worshipped Trog.
Trog was aware of your devotion.
You were not hungry.

You visited 1 branch of the dungeon, and saw 2 of its levels.

Inventory:

Hand Weapons
 a - a +0 hand axe (weapon)
Armour
 b - a +0 animal skin (worn)
Scrolls
 e - a scroll of identify {unknown}
Potions
 d - a potion of heal wounds {unknown}
Comestibles
 c - a bread ration


   Skills:
 - Level 2.6 Fighting
 + Level 3.0 Axes
 - Level 1.5 Armour
 - Level 1.5 Dodging


You couldn't memorise any spells.
You didn't know any spells.

Dungeon Overview and Level Annotations

Branches:
Dungeon (2/15)

Altars:
Ru

Annotations:
D:2 Terence


Innate Abilities, Weirdness & Mutations

You have extremely sharp teeth.
When hurt, damage is shared between your health and your magic reserves.
Your bite disrupts and absorbs the magic of your enemies.
Potions and wands cannot restore your health.
You are immune to rotting.


Message History

You barely miss the goblin. The goblin hits you but does no damage.
You hit the goblin.
You kill the goblin!
Trog accepts your kill.
You see here a dagger.
Health restored: 11 You see here a dagger.
A rat comes into view.
A ball python comes into view.
You slash the rat!
You kill the rat!
Trog accepts your kill.
You see here a rat corpse.
Found a stone staircase leading down.
The ball python hisses angrily.
The ball python bites you. The ball python grabs you.
The ball python constricts you.
You take 2 damage, and have 9/11 hp.
You escape the ball python's grasp.
The ball python barely misses you. The ball python grabs you.
The ball python constricts you.
You escape the ball python's grasp.
There is a stone staircase leading down here.
You climb downwards.
An ooze and a hobgoblin come into view.
The hobgoblin shouts!
Found 10 gold pieces.
There is a stone staircase leading up here.
Found a hunting sling.
The ooze jiggles.
Found a bread ration.
Found 11 gold pieces.
Found a dagger.
You see here a dagger.
A frilled lizard comes into view.
A frilled lizard comes into view.
The frilled lizard hisses angrily.
The frilled lizard suddenly unfolds its giant frill!
The frilled lizard barely misses you.
The frilled lizard bites you but does no damage.
The frilled lizard hisses and fully extends its frill.
Found a whip.
Found a stone staircase leading up.
Health restored: 11 The frilled lizard barely misses you.
The ooze barely misses you.
You open the door. The ooze hits you but does no damage.
Found 7 stones.
The frilled lizard bites you.
There is an open door here.
You take 2 damage, and have 9/11 hp.
There is a stone staircase leading up here.
You open the door. The ooze hits you.
* * * LOW HITPOINT WARNING * * *
The frilled lizard bites you.
Found 3 fruits.
You take 3 damage, and have 6/11 hp.
MASSIVE DAMAGE!!
You now have 1/2 mp.
There is an open door here.
You see here 3 fruits.
You open the door. The frilled lizard closely misses you.
The frilled lizard suddenly unfolds its giant frill!
The frilled lizard barely misses you.
There is an open door here.
Found a stone staircase leading down.
MP restored: 2
Found a scroll labeled URELON USSURR.
The frilled lizard barely misses you.
Found 9 gold pieces.
You see here a scroll labeled URELON USSURR.
e - a scroll labeled URELON USSURR The frilled lizard closely misses you.
The frilled lizard bites you but does no damage.
Found 2 scrolls labeled URELON USSURR.
Found a sacrificial altar of Ru.
A kobold comes into view. It is wielding a dagger.
The kobold shouts!
Terence the Incautious comes into view.
He is wielding a short sword of venom.
Found a scroll labeled GIORAN RATZUS.
The frilled lizard hisses and fully extends its frill.
The kobold completely misses you.
Here: a kobold, wielding a dagger A sacrificial altar of Ru.
The kobold hits you but does no damage.
A kobold comes into view. It is wielding a dagger of protection.
A red film seems to cover your vision as you go berserk!
You feel yourself moving faster!
You feel mighty!
You feel somewhat more hungry.
Terence shouts!
The kobold shouts!
The frilled lizard bites you.
* * * LOW HITPOINT WARNING * * *
The kobold hits you with a dagger.
* * * LOW HITPOINT WARNING * * *
You now have 5/16 hp.
You barely miss Terence. You hit the kobold.
You kill the kobold!
Trog accepts your kill.
Your Axes skill increases to level 3!
You hit the ooze. You closely miss the frilled lizard.
The frilled lizard barely misses you.
Terence hits you with a short sword of venom!
You die...

.# #.# ... #.##
# ... #
#.##.##.#
###.#.#.@.#.#.#.
....K..@_?.?....
###.#.#lJ.#.#.#
#.##l##.#
#..$....#
#.####g####.#
#...........#
######.######
#.#.# ## #...#


You could see Terence, an ooze, a hobgoblin, a kobold and 2 frilled lizards.

Vanquished Creatures
  A giant cockroach (D:1)
  A bat (D:1)
  A goblin (D:1)
  A kobold (D:2)
  A rat (D:1)
5 creatures vanquished.

Notes
Turn   | Place    | Note
-------+----------+-------------------------------------------
     0 | D:1      | AmbiguousPuzuma the Vine Stalker Berserker began the quest for the Orb.
     0 | D:1      | Reached XP level 1. HP: 11/11 MP: 2/2
   224 | D:2      | Found a sacrificial altar of Ru.
   229 | D:2      | Noticed Terence
   233 | D:2      | Reached skill level 3 in Axes
   233 | D:2      | Slain by Terence

Vault maps used:
D:1:      onia_arrival_pyramid
D:2:      first_bread, nrook_mini_vaults, hex_medium,
          nicolae_ru_sacrificial_ziggurat, uniq_terence

Skill      XL: |  1 |
---------------+----+-----
Axes           | 3 |  3.0
Fighting       | |  2.6
Armour         | |  1.5
Dodging        | |  1.5

Action                   || total
-------------------------++-------
Melee: Hand axe          ||    10
       Bite              ||     4
Invok: Berserk           ||     1
Armor: Animal skin       ||     5
Dodge: Dodged            ||    16

Vault maps used:
D:1:      onia_arrival_pyramid
D:2:      first_bread, nrook_mini_vaults, hex_medium,
          nicolae_ru_sacrificial_ziggurat, uniq_terence

Table legend:
 A = Turns spent in this place as a percentage of turns spent in the entire game.
 B = Non-inter-level travel turns spent in this place as a percentage of non-inter-level travel turns spent in the entire game.
 C = Inter-level travel turns spent in this place as a percentage of turns spent in this place.
 D = Turns resting spent in this place as a percentage of non-inter-level travel turns spent in this place.
 E = Turns spent auto-exploring this place as a percentage of non-inter-level travel turns spent in this place.
 F = Non-inter-level travel turns spent in this place divided by the number of levels of this place that you've seen.
                   A       B       C       D       E      F
               +-------+-------+-------+-------+-------+----------------------
         Total | 100.0 | 100.0 |   1.0 |   0.0 |   0.0 |  99.0
       Dungeon | 100.0 | 100.0 |   1.0 |   0.0 |   0.0 |  99.0
               +-------+-------+-------+-------+-------+----------------------

Table legend:
 A = Kills in this place as a percentage of kills in entire the game.
 B = Kills by you in this place as a percentage of kills by you in the entire game.
 C = Kills by friends in this place as a percentage of kills by friends in the entire game.
 D = Other kills in this place as a percentage of other kills in the entire game.
 E = Experience gained in this place as a percentage of experience gained in the entire game.
 F = Experience gained in this place divided by the number of levels of this place that you have seen.
                   A       B       C       D       E      F
               +-------+-------+-------+-------+-------+----------------------
         Total | 100.0 | 100.0 |  -nan |  -nan | 100.0 |   3.0
       Dungeon | 100.0 | 100.0 |  -nan |  -nan | 100.0 |   3.0
               +-------+-------+-------+-------+-------+----------------------
